 Dungeon Crawl Stone Soup version 0.31.0-11-ge490571c62 (webtiles) character file.

Game seed: 16926023794084675868

468 Silvore the Slasher (level 6, -1/43 (48) HPs)
             Began as a Demonspawn Fighter on Feb 7, 2024.
             Slain by an orc wizard
             ... wielding a +2 dagger of draining
              (4 damage)
             ... on level 4 of the Dungeon.
             The game lasted 00:05:52 (3366 turns).

Silvore the Slasher (Demonspawn Fighter)            Turns: 3366, Time: 00:05:53

HP:   -1/43 (48)    AC:  7    Str: 18    XL:     6   Next: 81%
MP:   6/6           EV: 10    Int:  8    God:
Gold: 177           SH:  0    Dex: 13    Spells: 5/5 levels left

rFire   . . .        o - +2 demon blade (freeze)
rCold   + . .        (no shield)
rNeg    . . .        b - +0 scale mail
rPois   .            (no helmet)
rElec   .            (no cloak)
rCorr   .            (no gloves)
SInv    .            (no boots)
Will    .....        k - amulet of the acrobat Stlth
                     l - ring of protection from cold
HPRegen 0.27/turn    (no ring)
MPRegen 0.10/turn

%: acrobat
@: silenced, heavily drained
A: powered by pain 2, demonic touch 1
a: no special abilities


You were on level 4 of the Dungeon.
You visited 1 branch of the dungeon, and saw 5 of its levels.

You collected 177 gold pieces.

Inventory:

Hand Weapons
 a - a +0 long sword
 o - a +2 demon blade of freezing (weapon)
Armour
 b - a +0 scale mail (worn)
Jewellery
 k - an amulet of the acrobat (around neck)
 l - a ring of protection from cold (left hand)
Wands
 m - a wand of paralysis (10)
 n - a wand of flame (27)
Potions
 c - 3 potions of mutation
 e - 2 potions of lignification
 f - 2 potions of curing
 g - 4 potions of enlightenment
 h - a potion of brilliance {unknown}
 i - a potion of heal wounds {unknown}
 j - a potion of degeneration {unknown}
 p - a potion of ambrosia {unknown}


   Skills:
 + Level 4.0 Fighting
 + Level 4.6 Long Blades
 + Level 4.0 Armour
 + Level 2.0 Dodging
 + Level 0.9 Stealth
 + Level 2.9 Shields


You had 5 spell levels left.
You didn't know any spells.
Your spell library contained the following spells:

 Spells                   Type           Power      Damage    Failure   Level
 Foxfire                  Conj/Fire      0%         2x1d4     78%         1
 Plasma Beam              Fire/Air       0%         2x1d10    100%        6
 Starburst                Conj/Fire      0%         6d3       100%        6


Dungeon Overview and Level Annotations

Branches:
Dungeon (5/15)
 Temple: D:4-7

Altars:
Dithmenos
Yredelemnul


Innate Abilities, Weirdness & Mutations

You sometimes gain power by taking damage.
Your touch may inflict minor irresistible damage on your foes.


Message History

The orc wizard hits you with a +2 dagger of draining.
You feel drained. The orc wizard barely misses you.
You hit the orc wizard. You freeze the orc wizard.
The orc wizard is heavily wounded.
The orc priest hits you with a +2 heavy mace!
The orc wizard hits you but does no damage.
The orc closely misses you.
The orc wizard hits you but does no damage.
You feel drained.
You closely miss the orc wizard.
The orc wizard is heavily wounded.
The orc wizard completely misses you. The orc wizard closely misses you.
The orc priest hits you with a +2 heavy mace!
The orc hits you with a +0 flail.
You miss the orc wizard. Your touch misses the orc wizard.
The orc wizard is heavily wounded.
The orc wizard closely misses you. The orc hits you but does no damage.
The orc wizard misses you.
The orc priest hits you with a +2 heavy mace!
* * * LOW HITPOINT WARNING * * *
Unknown command.
The orc wizard hits you with a +2 dagger of draining.
* * * LOW HITPOINT WARNING * * *
You feel drained.
* * * LOW HITPOINT WARNING * * *
The orc completely misses you.
The orc wizard attacks as it pursues you!
The orc wizard closely misses you.
There is a stone staircase leading up here.
You can't go down here!
Unknown command.
The orc wizard hits you but does no damage. x2
You feel drained. The orc hits you but does no damage.
You climb upwards.
There is a stone staircase leading down here.
You barely miss the orc.
You touch the orc!
You kill the orc!
The orc wizard hits you but does no damage.
The orc wizard hits you with a +2 dagger of draining.
You die...

#..# #.<..<...######## ##.##
#####..#......####### #..##
#......######..#####.
##..###.###.## #####.#####.
##.##..# #.# #####.#####. #.#..##
#.# #####.#####. #########.#.##
##.# ##.# #.####.. #.....#...>.#
##oo# #..# #..#..§#
.(.##...#.#####.@####.## ##....§.
...#...##..###.)## #..# #####.#§§
)..#.#####...#### #.## #....(.._
...### ###.## ###.# #.....§.§
....## #..# #...# #........
.....# ##.# #.### ##......#.
.....## #.# #.# ##.'#######
~~~.~~#######.####.####..#.≈§≈≈§≈
.~.~~≈#....##..##........#≈..§...


You could see 2 orc wizards.

Vanquished Creatures
  A black bear (D:4)
  2 scorpions (D:4)
  A gnoll bouda (D:4)
  Ijyb (D:3)
  5 gnolls
  6 adders
  2 dart slugs
  2 ribbon worms
  8 orcs
  5 endoplasms
  7 giant cockroaches
  7 hobgoblins
  7 jackals
  6 kobolds
  2 quokkas
  4 ball pythons
  6 bats
  6 frilled lizards
  3 goblins
  9 rats
90 creatures vanquished.

Notes
Turn   | Place    | Note
-------+----------+-------------------------------------------
     0 | D:1      | Silvore the Demonspawn Fighter began the quest for the Orb.
     0 | D:1      | Reached XP level 1. HP: 18/18 MP: 1/1
   315 | D:1      | Gained mutation: Your touch may inflict minor irresistible
                  | damage on your foes. [demonic ancestry]
   315 | D:1      | Reached XP level 2. HP: 23/24 MP: 2/2
   417 | D:1      | Gained mutation: You sometimes gain a little power by
                  | taking damage. [demonic ancestry]
   417 | D:1      | Reached XP level 3. HP: 29/29 MP: 3/3
   686 | D:1      | Found a faded altar of an unknown god.
  1196 | D:2      | Reached skill level 1 in Dodging
  1607 | D:2      | Reached XP level 4. HP: 35/35 MP: 4/4
  1798 | D:3      | Noticed Ijyb
  1798 | D:3      | Paralysed by Ijyb for 5 turns
  1805 | D:3      | Paralysed by Ijyb for 4 turns
  1812 | D:3      | Killed Ijyb
  2116 | D:3      | Found a basalt altar of Yredelemnul.
  2163 | D:3      | Reached XP level 5. HP: 36/41 MP: 5/5
  2778 | D:4      | Found a shadowy altar of Dithmenos.
  2806 | D:4      | Noticed a black bear
  2822 | D:4      | Killed a black bear
  2829 | D:4      | Gained mutation: You sometimes gain power by taking damage.
                  | [demonic ancestry]
  2829 | D:4      | Reached XP level 6. HP: 30/48 MP: 6/6
  3354 | D:5      | Entered Level 5 of the Dungeon
  3363 | D:5      | HP: 2/44 [orc wizard/+2 dagger of draining (1)]
  3366 | D:4      | Slain by an orc wizard

Illustrated notes

Levels and vault maps discovered:
D:1:      dpeg_arrival_prison, layout_loops_ring,
          hellmonk_ecumenical_altar_leap_of_faith, minmay_misc_feat_four_crosses
D:2:      layout_basic
D:3:      layout_basic, old_standard_altar, elyvilon_altar_5,
          kennysheep_flooded_box, glass_columns_a, minmay_three_crescents,
          uniq_ijyb
D:4:      layout_rooms, grunt_dithmenos_smoke, kennysheep_pointless_box,
          serial_bayou_ford_a, nicolae_underground_beach
D:5:      layout_cave_pods, overflow_temple_1_default,
          minmay_temple_entry_glass, mainiacjoe_ossuary_entry_dusty_tomb

Skill      XL: |  1  2  3  4  5  6 |
---------------+-------------------+-----
Long Blades    | 2 3 4 |  4.6
Armour         | 3 4 |  4.0
Dodging        | 1 2 |  2.0
Fighting       | 4 |  4.0
Stealth        | |  0.9
Shields        | |  2.9

Action                     |  1- 3 |  4- 6 || total
---------------------------+-------+-------++-------
  Melee: Long sword        |   105 |    53 ||   158
         Touch             |     8 |    16 ||    24
         Demon blade       |       |    72 ||    72
    Use: Scroll            |     2 |     6 ||     8
         Potion            |       |     3 ||     3
 Armour: Scale mail        |   100 |   102 ||   202
  Dodge: Dodged            |    54 |   121 ||   175
  Block: Buckler           |    15 |       ||    15
